 Dungeon Crawl Stone Soup version 0.29.0-4-gdea44cf6ec (webtiles) character file.

Game seed: 415559261829949837

86 qw the Ruffian (level 4, -1/35 HPs)
             Began as a Ghoul Fire Elementalist on Aug 29, 2022.
             Slain by a gnoll
             ... wielding a +0 halberd
              (7 damage)
             ... on level 3 of the Dungeon.
             The game lasted 00:02:24 (3418 turns).

qw the Ruffian (Ghoul Fire Elementalist)            Turns: 3418, Time: 00:02:25

Health: -1/35      AC:  6    Str: 13    XL:     4   Next: 49%
Magic:  5/5        EV:  8    Int: 10    God:
Gold:   99         SH:  2    Dex:  9    Spells: 5/6 levels left

rFire   . . .      SeeInvis .     - Unarmed
rCold   + . .      Faith    .   d - +0 buckler
rNeg    + + +      Spirit   .   f - +0 scale mail
rPois   inf        Reflect  .   (no helmet)
rElec   .          Harm     .   (no cloak)
rCorr   .          Rampage  .   (no gloves)
Will    .....                   (no boots)
Stlth   ..........              (no amulet)
HPRegen 0.00/turn               (no ring)
MPRegen 0.09/turn               (no ring)

@: inhibited regen
A: claws 1, cold resistance 1, negative energy resistance 3, inhibited
regeneration, torment resistance 2, devour on kill
a: no special abilities


You were on level 3 of the Dungeon.
You visited 1 branch of the dungeon, and saw 3 of its levels.

You collected 99 gold pieces.


Innate Abilities, Weirdness & Mutations

You are immune to poison.
You have sharp fingernails.
Your flesh is cold resistant. (rC+)
You are immune to negative energy. (rN+++)
You do not regenerate when monsters are visible.
You are immune to unholy pain and torment.
You thrive by killing the living.


   Skills:
 + Level 1.0 Fighting
 - Level 1.7 Dodging
 - Level 2.1 Stealth
 - Level 4.1 Unarmed Combat
 - Level 1.7 Spellcasting
 - Level 0.7 Conjurations
 - Level 2.4 Fire Magic


You had 5 spell levels left.
You knew the following spells:

 Your Spells              Type           Power      Damage    Failure   Level
a - Foxfire               Conj/Fire      16%        2x1d4     75%         1

Your spell library contained the following spells:

 Spells                   Type           Power      Damage    Failure   Level
 Scorch                   Fire           10%        2d6       77%         2
 Conjure Flame            Conj/Fire      4%         6-21      98%         3
 Inner Flame              Hex/Fire       3%         N/A       99%         3
 Flame Wave               Conj/Fire      4%         2d5       100%        4

Inventory:

Armour
 d - a +0 buckler (worn)
 f - a +0 scale mail (worn)
Scrolls
 b - 2 scrolls of identify
 e - a scroll of fear {unknown}
Potions
 a - a potion of curing {unknown}
 c - a potion of might

Dungeon Overview and Level Annotations

Branches:
Dungeon (3/15)

Altars:

Shops:
D:3 (


Message History

You scratch the gnoll.
The gnoll is lightly wounded.
The gnoll barely misses you. The kobold barely misses you.
You closely miss the gnoll.
The gnoll is lightly wounded.
The endoplasm misses you.
The kobold hits you with a +0 short sword.
You completely miss the gnoll.
The gnoll is lightly wounded.
You block the gnoll's attack. The endoplasm closely misses you.
The kobold hits you with a +0 short sword.
You barely miss the gnoll.
The gnoll is lightly wounded.
The endoplasm hits you but does no damage.
You block the gnoll's attack. The gnoll hits you with a +0 flail.
The kobold hits you with a +0 short sword.
You scratch the gnoll but do no damage.
The gnoll is lightly wounded.
The gnoll hits you with a +0 club. The gnoll hits you with a +0 flail.
The endoplasm barely misses you. The kobold hits you but does no damage.
You scratch the gnoll.
The gnoll is heavily wounded.
The gnoll hits you with a +0 club. The gnoll barely misses you.
The endoplasm hits you but does no damage.
The kobold hits you with a +0 short sword.
You completely miss the gnoll.
The gnoll is heavily wounded.
The endoplasm hits you. The gnoll hits you but does no damage.
The gnoll barely misses you.
The kobold hits you with a +0 short sword.
You scratch the gnoll but do no damage.
The gnoll is heavily wounded.
The gnoll barely misses you. The gnoll closely misses you.
The endoplasm freezes you.
You are frozen.
You resist. The kobold hits you but does no damage.
You barely miss the gnoll.
The gnoll is heavily wounded.
The gnoll hits you but does no damage. x2
The gnoll hits you from afar with a +0 halberd!
You die...

###### #..... #.#.#### #
####.#.# # ##( .#.#. ..#.#.# #
#.. ...... ....#.# # +...
####.... #.#.#.# #
#..##.K##... #.#.#.# # ####
#####'.gJ@#...###.##.\# #
##..#+##.[.##..gg#....<......#
#
#....##.....##..##....#.######
#....).......##'###.....#
##..##...8...##..#####..#
##)##.......%....#..<).#
##..##.....##....#..####
#....##...##'#..##..#
#....%#####..####...#


You could see 3 gnolls, an endoplasm and a kobold.

Vanquished Creatures
  A gnoll (D:3)
  An adder (D:2)
  3 worms (D:2)
  3 dart slugs (D:1)
  3 endoplasms
  2 giant cockroaches (D:1)
  6 goblins
  6 hobgoblins
  8 kobolds
  7 ball pythons
  4 bats
  4 frilled lizards
  3 rats
51 creatures vanquished.

Notes
Turn   | Place    | Note
-------+----------+-------------------------------------------
     0 | D:1      | qw the Ghoul Fire Elementalist began the quest for the Orb.
     0 | D:1      | Reached XP level 1. HP: 14/14 MP: 2/2
     0 | D:1      | 0 ||| qw: Version: 0.1-a-90-g952f4b7
     0 | D:1      | 0 ||| qw: Game counter: 3964
     0 | D:1      | 0 ||| qw: Always use a shield: true
     0 | D:1      | 0 ||| qw: God list: Okawaru
     0 | D:1      | 0 ||| qw: Allow faded altars: false
     0 | D:1      | 0 ||| qw: Do Orc after D:15 true
     0 | D:1      | 0 ||| qw: Do second Lair branch before Depths: true
     0 | D:1      | 0 ||| qw: Lair rune preference: random
     0 | D:1      | 0 ||| qw: Plans: Normal
     0 | D:1      | 0 ||| PLANNING D:1-11
   226 | D:1      | Reached skill level 1 in Unarmed Combat
   260 | D:1      | 260 ||| Stepping ~*~*~tactically~*~*~ (stealth).
   266 | D:1      | 266 ||| Stepping ~*~*~tactically~*~*~ (stealth).
   267 | D:1      | 267 ||| Stepping ~*~*~tactically~*~*~ (stealth).
   268 | D:1      | 268 ||| Stepping ~*~*~tactically~*~*~ (stealth).
   345 | D:1      | 345 ||| Stepping ~*~*~tactically~*~*~ (stealth).
   347 | D:1      | 347 ||| Stepping ~*~*~tactically~*~*~ (stealth).
   351 | D:1      | Reached skill level 1 in Fighting
   351 | D:1      | Reached XP level 2. HP: 23/23 MP: 3/3
   874 | D:1      | Reached skill level 2 in Unarmed Combat
   916 | D:1      | 916 ||| Stepping ~*~*~tactically~*~*~ (hiding).
   917 | D:1      | 917 ||| Stepping ~*~*~tactically~*~*~ (hiding).
   919 | D:1      | 919 ||| Stepping ~*~*~tactically~*~*~ (hiding).
   979 | D:1      | Reached XP level 3. HP: 28/28 MP: 4/4
  1406 | D:1      | 1406 ||| UPGRADING to +0 buckler.
  1411 | D:1      | 1411 ||| UPGRADING to +0 leather armour.
  1421 | D:1      | 1421 ||| DROPPING +0 robe.
  1422 | D:1      | 1422 ||| READING 3 scrolls labelled MYXTAKHL CEGIMU.
  1423 | D:1      | 1423 ||| DROPPING potion of magic.
  1524 | D:2      | HP: 7/28 [worm (5)]
  1820 | D:2      | Reached skill level 3 in Unarmed Combat
  1903 | D:2      | Found a faded altar of an unknown god.
  1979 | D:2      | HP: 6/28 [worm (3)]
  2347 | D:2      | Reached XP level 4. HP: 12/35 MP: 5/5
  2597 | D:2      | 2597 ||| Stepping ~*~*~tactically~*~*~ (stealth).
  3169 | D:2      | 3169 ||| UPGRADING to +0 scale mail.
  3179 | D:2      | 3179 ||| DROPPING +0 leather armour.
  3180 | D:2      | 3180 ||| READING scroll labelled ZEAQUPHOUMA.
  3181 | D:2      | 3181 ||| READING scroll labelled ABEM RIZAAJOFOWEHU.
  3182 | D:2      | 3182 ||| DRINKING 2 green potions.
  3183 | D:2      | 3183 ||| READING 2 scrolls of identify.
  3183 | D:2      | 3183 ||| IDENTIFYING clear potion
  3184 | D:2      | 3184 ||| DROPPING potion of invisibility.
  3218 | D:3      | Found Atefakk's Antique Weapon Emporium.
  3404 | D:3      | 3404 ||| Stepping ~*~*~tactically~*~*~ (stealth).
  3406 | D:3      | 3406 ||| Stepping ~*~*~tactically~*~*~ (outnumbered).
  3407 | D:3      | 3407 ||| Stepping ~*~*~tactically~*~*~ (outnumbered).
  3410 | D:3      | Reached skill level 4 in Unarmed Combat
  3416 | D:3      | HP: 8/35 [kobold/+0 short sword (3)]
  3418 | D:3      | Slain by a gnoll

Levels and vault maps discovered:
D:1:      minmay_arrival_open_corners, layout_loops_corners
D:2:      layout_basic, hellmonk_ecumenical_altar_run_dry
D:3:      minmay_bubble_buster, layout_basic, serial_shops, shop, uniq_ijyb,
          uniq_robin

Skill      XL: |  1  2  3  4 |
---------------+-------------+-----
Unarmed Combat | 1 2 3 4 |  4.1
Fighting       | 1 |  1.0
Dodging        | |  1.7
Stealth        | |  2.1
Spellcasting   | |  1.7
Conjurations   | |  0.7
Fire Magic     | |  2.4

Action                   |  1- 3 |  4- 6 || total
-------------------------+-------+-------++-------
Melee: Unarmed           |   165 |    67 ||   232
       Punch             |     2 |       ||     2
  Use: Scroll            |     1 |     3 ||     4
       Potion            |       |     1 ||     1
 Stab: Sleeping          |     1 |       ||     1
Armor: Robe              |    22 |       ||    22
       Leather armour    |    10 |     6 ||    16
       Scale mail        |       |    20 ||    20
Dodge: Dodged            |    69 |    36 ||   105
Block: Buckler           |     2 |    13 ||    15

Table legend:
 A = Non-vault XP
 B = Vault XP
 C = Vault XP percentage of total XP
 D = Non-vault monster count
 E = Vault monster count
 F = Vault count percentage of total count
                 A         B        C        D         E       F
            +---------+---------+-------+---------+---------+-------
      Total |     117 |       6 |   4.9 |      47 |       4 |   7.8
            +---------+---------+-------+---------+---------+-------
        D:1 |      47 |       0 |   0.0 |      25 |       0 |   0.0
        D:2 |      48 |       0 |   0.0 |      16 |       0 |   0.0
        D:3 |      22 |       6 |  21.4 |       6 |       4 |  40.0
            +---------+---------+-------+---------+---------+-------
